 Dungeon Crawl Stone Soup version 0.32-a0-900-g30fb1b0edc (webtiles) character file.

Game seed: 7857722261889886914

16237 Autsider the Summoner (level 12, -8/62 HPs)
             Began as a Felid Summoner on Apr 5, 2024.
             Was a Priest of Kikubaaqudgha.
             Engulfed by an ice statue's freezing vapour (14 damage)
             ... in an ice cave.
             The game lasted 00:42:37 (11057 turns).

Autsider the Summoner (Felid Summoner)             Turns: 11057, Time: 00:42:38

Health: -8/62      AC:  3    Str:  4    XL:     12   Next: 8%
Magic:  24/25      EV: 22    Int: 23    God:    Kikubaaqudgha [***...]
Gold:   835        SH:  0    Dex: 18    Spells: 11/28 levels left
                                        Lives:  0   Deaths: 4

rFire   . . .        (weapon unavailable)
rCold   + . .        (shield unavailable)
rNeg    . . .        (body armour unavailable)
rPois   .            (helmet unavailable)
rElec   .            (cloak unavailable)
rCorr   .            (gloves unavailable)
SInv    +            (boots unavailable)
Will    +....        j - amulet of magic regeneration
Stlth   +++++        C - ring of flight
HPRegen 0.30/turn    (no ring)
MPRegen 0.59/turn

%: no passive effects
@: flying
A: very small, claws 1, fangs 3, see invisible, shaggy fur 3, stealthy paws, no
weapons or thrown items, no armour, multi-lived
a: Renounce Religion, Unearth Wretches


You were in an ice cave.
You worshipped Kikubaaqudgha.
Kikubaaqudgha was most pleased with you.
You visited 3 branches of the dungeon, and saw 13 of its levels.
You also visited: Ossuary and Ice Cave.

You collected 835 gold pieces.

Inventory:

Jewellery
 j - an amulet of magic regeneration (around neck)
 C - a ring of flight (left paw)
Wands
 y - a wand of paralysis (16)
 F - a wand of polymorph (3)
 G - a wand of flame (8)
Scrolls
 k - a scroll of vulnerability
 l - a scroll of poison
 m - a scroll of revelation
 n - 3 scrolls of teleportation {@r2}
 p - a scroll of fear
 q - 3 scrolls of amnesia
 s - a scroll of blinking
 w - a scroll of noise
 E - a scroll of silence
Potions
 a - 2 potions of magic
 b - 6 potions of curing
 g - 3 potions of attraction
 o - 2 potions of lignification
 r - 2 potions of might
 u - 3 potions of enlightenment
 v - 2 potions of ambrosia


   Skills:
 + Level 6.6 Fighting
 + Level 9.2 Dodging
 - Level 10.0 Stealth
 + Level 8.8 Spellcasting
 + Level 10.2 Summonings
 + Level 3.0 Necromancy
 - Level 4.0 Translocations
 - Level 5.0 Fire Magic
 - Level 5.0 Air Magic
 + Level 2.6 Evocations


You had 11 spell levels left.
You knew the following spells:

 Your Spells              Type           Power      Damage    Failure   Level
b - Summon Blazeheart Go  Fire/Summ      45%        N/A       2%          4
c - Summon Lightning Spi  Summ/Air       45%        N/A       2%          4
d - Animate Dead          Necr           24%        N/A       19%         4
u - Vhi's Electric Charg  Tloc/Air       60%        N/A       10%         4
x - Summon Small Mammal   Summ           100%       N/A       1%          1

Your spell library contained the following spells:

 Spells                   Type           Power      Damage    Failure   Level
 Necrotise                Necr           96%        1d8       1%          1
 Call Imp                 Summ           100%       N/A       1%          2
 Call Canine Familiar     Summ           55%        N/A       1%          3
 Sublimation of Blood     Necr           24%        N/A       2%          2
 Summon Ice Beast         Ice/Summ       33%        N/A       2%          3
 Cigotuvi's Dreadful Rot  Necr/Alch/Air  44%        N/A       3%          2
 Mercury Vapours          Alch/Air       42%        N/A       3%          2
 Static Discharge         Conj/Air       42%        3-5/arc   3%          2
 Martyr's Knell           Necr/Summ      40%        N/A       4%          4
 Sting                    Conj/Alch      40%        1d5       6%          1
 Airstrike                Air            16%        2d(3-19)  9%          4
 Hailstorm                Conj/Ice       10%        3d6       19%         3
 Sigil of Binding         Hex            10%        N/A       19%         3
 Dispel Undead            Necr           24%        3d12      19%         4
 Anguish                  Hex/Necr       8%         N/A       34%         4
 Curse of Agony           Necr           24%        N/A       45%         5
 Olgreb's Toxic Radiance  Alch           10%        N/A       54%         4
 Arcjolt                  Conj/Air       10%        1d20      54%         5
 Plasma Beam              Fire/Air       16%        2x1d28    77%         6
 Death Channel            Necr           12%        N/A       95%         6
 Permafrost Eruption      Ice/Erth       5%         2x4d2     100%        6
 Sculpt Simulacrum        Ice/Alch       5%         N/A       100%        6
 Dimensional Bullseye     Hex/Tloc       Unusable   N/A       N/A         4

Dungeon Overview and Level Annotations

Branches:
Dungeon (11/15)            Temple (1/1) D:5            Lair (1/5) D:8
Ossuary (visited)           IceCv (1/1)
    Orc: D:9-12

Altars:
Ashenzari
Cheibriados
Dithmenos
Elyvilon
Fedhas
Gozag
Hepliaklqana
Kikubaaqudgha
Makhleb
Nemelex Xobeh
Okawaru
Qazlal
Ru
Sif Muna
Trog
Uskayaw
Vehumet
Wu Jian
Xom
Yredelemnul
Zin
The Shining One
Jiyva

Shops:
D:3 [

Annotations:
D:6 Jeremiah IceCv 1 transporter, exclusion: ice statue


Innate Abilities, Weirdness & Mutations

You have sharp claws.
You have razor-sharp teeth.
You have supernaturally acute eyesight. (SInv)
Your thick and shaggy fur keeps you warm. (AC +3, rC+)
Your paws help you pounce on unaware monsters.
You are incapable of wielding weapons or throwing items.
You cannot wear armour.
You gain extra lives every three experience levels.


Message History

The ice beast hits your blazeheart golem.
The ice beast freezes your blazeheart golem.
Your dire elephant simulacrum tramples the ice statue!!
The ice statue is destroyed!
Kikubaaqudgha accepts your kill.
The ice beast disappears in a puff of smoke!
Your lightning spire shoots out a bolt of lightning at the ice statue!
The bolt of electricity hits the ice statue.
The ice statue resists.
The bolt of electricity hits the ice statue.
The ice statue resists.
Your Necromancy skill increases to level 3!
Your blazeheart golem's core flares to life once more.
The ice statue glitters chillingly in the dim dungeon light.
The ice statue gestures at you. The bolt of cold hits you! You resist.
* * * LOW HITPOINT WARNING * * *
Your blazeheart golem is engulfed in freezing vapours.
The ice statue gestures at you.
The freezing blast engulfs your blazeheart golem!
You see here a potion of might.
You are engulfed in freezing vapours.
You resist.
* * * LOW HITPOINT WARNING * * *
Your blazeheart golem is engulfed in freezing vapours.
The ice statue gestures at you.
The shard of ice hits your blazeheart golem.
Your blazeheart golem falls apart and the last of its fire goes out.
You see here a +0 scale mail.
What are your orders? t - Meow!
Orders for allies: a - Attack new target. r - Retreat! s - Stop attacking. g - Guard the area. f - Follow me.
Anything else - Cancel.
Gang up on whom?
Press: ? - help, Dir - move target, f - ice statue
Aim: an ice statue (freezing vapour, heavily damaged, ally target) Attack!
You are engulfed in freezing vapours.
You resist.
You die...
Kikubaaqudgha rasps: You have failed me!
Welcome... death!

##....)[=....##
#...(.©.....#
##...ß©ß...##
###########
##ß.☼©†.ß##
##ß..I°...ß##
##ß.○○○.○...ß##
#...○○☼Z○○....#
#©..I○!@ZZ...∩#
###############


You could see an ice statue (ally target), a friendly lightning spire
(summoned), a friendly death yak simulacrum (summoned), a friendly dire elephant
simulacrum (summoned) and a friendly cane toad simulacrum (summoned).

Vanquished Creatures
  A hydra (D:10)
  A boulder beetle (D:9)
  A cane toad (Lair:1)
  2 gargoyles (D:10)
  2 komodo dragons (Lair:1)
  A freezing wraith (IceCv)
  2 ice devils (Lair:1)
  A troll (D:9)
  2 hornets
  A shadow (D:9)
  A wraith (D:10)
  2 wyverns
  A basilisk (D:8)
  18 yaks
  A harpy simulacrum (IceCv)
  4 water moccasins
  A black bear (D:5)
  An ice beast (IceCv)
  An orc warrior (D:9)
  An ogre (D:5)
  2 wolves (Lair:1)
  A centaur (D:9)
  A bullfrog (Lair:1)
  2 water moccasin zombies (Ossuary)
  4 wights (D:8)
  A nameless horror (D:5)
  A howler monkey (D:7)
  2 centaur zombies (Ossuary)
  A bullfrog zombie (Ossuary)
  A jelly (D:10)
  A hell rat (Lair:1)
  A polar bear simulacrum (IceCv)
  A wolf simulacrum (IceCv)
  An ice beast zombie (IceCv)
  An ogre zombie (Ossuary)
  2 orcs (D:3)
  2 kobolds (D:6)
  A quokka (D:4)
  A ball python (D:1)
  An orc zombie (Ossuary)
  A rat (D:2)
74 creatures vanquished.

Vanquished Creatures (collateral kills)
  The ghost of Konar the Skirmisher, a journeyman CoHu of Okawaru (D:10)
  A manticore (D:11)
  An ugly thing (IceCv)
  An ice statue (IceCv)
  Prince Ribbit (D:5)
  A slime creature (D:10)
  A nameless horror (Ossuary)
  6 yaks
  A steam dragon (D:8)
  An acid dragon (D:10)
  2 water moccasins (D:8)
  Menkaure (D:7)
  An ice beast (D:8)
  2 orc warriors
  2 black bears
  2 sky beasts (D:6)
  6 centaurs
  2 wolves (Lair:1)
  An ogre (D:6)
  2 phantoms
  3 kobold brigands
  4 bullfrogs
  A gnoll sergeant (D:11)
  A water moccasin zombie (Ossuary)
  A scorpion (D:5)
  14 wights
  5 killer bees (D:8)
  5 jellies
  2 bombardier beetles
  A bullfrog zombie (Ossuary)
  3 centaur zombies (Ossuary)
  A hound (D:6)
  An orc priest (D:5)
  A sleepcap (D:5)
  Crazy Yiuf (D:5)
  2 orc wizards
  A hell rat (Lair:1)
  An ogre zombie (Ossuary)
  9 gnolls
  5 adders
  A river rat (Lair:1)
  A shadow imp (D:6)
  A ribbon worm zombie (D:4)
  4 ufetubi (D:6)
  2 adder zombies (Ossuary)
  A dart slug (D:1)
  12 orcs
  4 ball pythons
  2 bats (D:3)
  3 endoplasms
  A giant cockroach (D:1)
  5 goblins
  5 hobgoblins
  4 gnoll zombies (Ossuary)
  2 goblin zombies (Ossuary)
  5 hobgoblin zombies (Ossuary)
  A jackal zombie (D:4)
  14 kobolds
  4 orc zombies (Ossuary)
  2 rats
172 creatures vanquished.

Vanquished Creatures (others)
  55 blazeheart cores
55 creatures vanquished.

Grand Total: 301 creatures vanquished

Notes
Turn   | Place    | Note
-------+----------+-------------------------------------------
     0 | D:1      | Autsider the Felid Summoner began the quest for the Orb.
     0 | D:1      | Reached XP level 1. HP: 9/9 MP: 4/4
   267 | D:1      | Reached XP level 2. HP: 13/13 MP: 4/6
   377 | D:1      | Found a faded altar of an unknown god.
   804 | D:2      | Reached XP level 3. HP: 13/16 MP: 6/8
   808 | D:2      | Learned a level 3 spell: Call Canine Familiar
   879 | D:2      | Identified the +2 robe "Kumotuas" {rPois Str+2}
  1711 | D:3      | Found Ratijaopn's Armour Boutique.
  1711 | D:3      | Noticed an animated storm dragon scales
  1711 | D:3      | Noticed an animated crystal plate armour
  1749 | D:3      | Reached skill level 5 in Summonings
  1749 | D:3      | Reached XP level 4. HP: 21/21 MP: 10/10
  1749 | D:3      | Gained a life (2 lives remaining)
  1755 | D:3      | Learned a level 4 spell: Summon Blazeheart Golem
  1832 | D:3      | Reached skill level 1 in Fire Magic
  2150 | D:3      | Reached XP level 5. HP: 11/24 MP: 11/11
  2627 | D:4      | Found a sand-covered staircase.
  2668 | Ossuary  | Entered an ossuary
  2851 | Ossuary  | Gained mutation: You are covered in thick fur. (AC +2)
                  | [Felid growth]
  2851 | Ossuary  | Reached XP level 6. HP: 28/28 MP: 9/12
  3163 | Ossuary  | Reached XP level 7. HP: 32/32 MP: 14/14
  3344 | Ossuary  | Noticed a nameless horror
  3371 | Ossuary  | Killed a nameless horror
  3386 | Ossuary  | Noticed a silent spectre
  3431 | D:4      | Learned a level 4 spell: Summon Lightning Spire
  3486 | D:4      | Found a glowing silver altar of Zin.
  3788 | D:5      | Entered Level 5 of the Dungeon
  3788 | D:5      | Found a shimmering blue altar of Sif Muna.
  3861 | D:5      | Reached skill level 1 in Air Magic
  3971 | D:5      | Found a blossoming altar of Fedhas.
  3972 | D:5      | Found a staircase to the Ecumenical Temple.
  3986 | D:5      | Found a broken altar of Ashenzari.
  3994 | Temple   | Entered the Ecumenical Temple
  4011 | Temple   | Became a worshipper of Kikubaaqudgha
  4109 | D:5      | Reached skill level 5 in Fire Magic
  4109 | D:5      | Reached XP level 8. HP: 36/36 MP: 12/16
  4312 | D:5      | Reached skill level 5 in Spellcasting
  4419 | D:5      | Noticed Prince Ribbit
  4431 | D:5      | Killed Prince Ribbit
  4629 | D:5      | Found a runed translucent door.
  4630 | D:5      | Noticed Crazy Yiuf
  4741 | D:5      | Killed Crazy Yiuf
  5113 | D:6      | Noticed a hornet
  5130 | D:6      | Killed a hornet
  5177 | D:6      | Found a stormy altar of Qazlal.
  5597 | D:6      | Noticed Jeremiah
  5608 | D:6      | Reached XP level 9. HP: 39/39 MP: 15/19
  5633 | D:6      | HP: 1/34 [Jeremiah/+3 trident of draining (3)]
  5635 | D:6      | Killed from afar by Jeremiah
  5635 | D:6      | Lost a life (1 life remaining)
  5746 | D:6      | Found a sparkling altar of Nemelex Xobeh.
  6097 | D:7      | Found an ornate altar of the Wu Jian Council.
  6176 | D:7      | Reached skill level 1 in Fighting
  6300 | D:7      | Noticed Menkaure
  6416 | D:8      | Slain by a hornet
  6416 | D:8      | Lost a life (0 lives remaining)
  6418 | D:8      | Found a staircase to the Lair.
  6429 | D:8      | Reached * piety under Kikubaaqudgha
  6429 | D:8      | Received a gift from Kikubaaqudgha
  6473 | D:8      | Reached skill level 5 in Stealth
  6483 | D:8      | Reached skill level 5 in Dodging
  6499 | D:8      | Reached skill level 5 in Air Magic
  6499 | D:8      | Reached XP level 10. HP: 46/49 MP: 17/21
  6499 | D:8      | Gained a life (1 life remaining)
  6708 | D:8      | Found a bloodstained altar of Trog.
  7543 | D:7      | Reached ** piety under Kikubaaqudgha
  7580 | D:7      | Killed Menkaure
  8106 | D:9      | Reached skill level 5 in Fighting
  8649 | D:9      | Noticed a boulder beetle
  8655 | D:9      | Learned a level 4 spell: Animate Dead
  8664 | D:9      | Killed a boulder beetle
  8665 | D:9      | Reached XP level 11. HP: 35/56 MP: 20/24
  8665 | D:9      | Gained a life (2 lives remaining)
  9119 | D:10     | Entered Level 10 of the Dungeon
  9455 | D:10     | Found a viscous altar of Jiyva.
  9463 | D:10     | Found a runed translucent gate.
  9464 | D:10     | Found a runed translucent gate.
  9464 | D:10     | Noticed a ten-headed hydra
  9466 | D:10     | Found a runed translucent gate.
  9476 | D:10     | Noticed Konar's ghost (journeyman CoHu)
  9508 | D:10     | Reached skill level 1 in Translocations
  9678 | D:10     | Mangled by a ten-headed hydra
  9678 | D:10     | Lost a life (1 life remaining)
  9715 | D:10     | Killed Konar's ghost
  9716 | D:10     | Reached skill level 1 in Necromancy
  9842 | D:10     | Killed a ten-headed hydra
  9900 | D:10     | Reached *** piety under Kikubaaqudgha
  9900 | D:10     | Received a gift from Kikubaaqudgha
 10284 | D:11     | Reached skill level 1 in Evocations
 10573 | Lair:1   | Entered Level 1 of the Lair of Beasts
 10580 | Lair:1   | Reached skill level 10 in Summonings
 10767 | Lair:1   | Found a frozen archway.
 10881 | IceCv    | Entered an ice cave
 10888 | IceCv    | Mangled by a wolf simulacrum
 10888 | IceCv    | Lost a life (0 lives remaining)
 10889 | IceCv    | Found a transporter.
 10892 | IceCv    | Noticed a white ugly thing
 10898 | IceCv    | Gained mutation: Your thick and shaggy fur keeps you warm.
                  | (AC +3, rC+) [Felid growth]
 10898 | IceCv    | Reached XP level 12. HP: 20/62 MP: 21/25
 10913 | IceCv    | Learned a level 4 spell: Vhi's Electric Charge
 10913 | IceCv    | Found a transporter.
 11048 | IceCv    | Reached skill level 10 in Stealth
 11057 | IceCv    | Engulfed by an ice statue's freezing vapour

Illustrated notes

Levels and vault maps discovered:
D:1:      dpeg_arrival_morbid_curiosity, layout_rooms,
          ebering_ecumenical_altar_rust
D:2:      layout_loops_ring, serial_bayou_crossing
D:3:      layout_loops_ring, serial_shops, nicolae_shop_mannequins,
          serial_rivers, chequers_serial_rivers_small_a,
          chequers_serial_rivers_room_a, chequers_serial_rivers_micro_b,
          chequers_serial_rivers_micro_c, chequers_serial_rivers_large_a,
          st_stairs_6
D:4:      layout_rooms, mainiacjoe_overflow_chevrons, enter_ossuary_3
D:5:      layout_gridville, grunt_temple_overflow_open,
          minmay_temple_entry_proselytizer, hex_large, uniq_crazy_yiuf_cottage,
          uniq_prince_ribbit1
D:6:      layout_rooms, nicolae_qazlal_beasts_of_the_sky,
          nemelex_diamond_rough_becter, minmay_holes, dk_noncrumbling_3,
          serial_library_hellmonk_reading_circle, minmay_liquid_box,
          uniq_jeremiah
D:7:      layout_basic, pdpol_wu_jian_five_deadly_venoms,
          hangedman_decor_clover_reticule, uniq_menkaure
D:8:      layout_basic, mainiacjoe_overflow_surrounded_room,
          minmay_lair_entry_grove
D:9:      layout_loops_cross
D:10:     layout_rooms, gammafunk_ghost_hydra_chop, jiyva_altar_1
D:11:     layout_roguey
Temple:   nicolae_temple_bog_church
Lair:1:   layout_layer_cave, basic_altar, portal_ice_cave_demonic_guard,
          kennysheep_abandoned_house
IceCv:    ice_cave_statue_garden_transporter

Skill      XL: |  1  2  3  4  5  6  7  8  9 10 11 12 |
---------------+-------------------------------------+-----
Spellcasting   | 3 4 6 7 8 |  8.8
Summonings     | 5 6 7 8 9 10 | 10.2
Fire Magic     | 1 2 3 5 |  5.0
Air Magic      | 1 4 5 |  5.0
Stealth        | 5 8 9 10 | 10.0
Dodging        | 5 7 9 |  9.2
Fighting       | 3 5 6 |  6.6
Translocations | 4 |  4.0
Necromancy     | 2 3 |  3.0
Evocations     | 2 |  2.6

Action                     |  1- 3 |  4- 6 |  7- 9 | 10-12 || total
---------------------------+-------+-------+-------+-------++-------
  Melee: Unarmed           |     5 |    17 |    13 |     5 ||    40
         Bite              |       |     5 |     2 |     2 ||     9
         Punch             |       |     1 |       |       ||     1
   Cast: Summon Small Mamm |    30 |    12 |     2 |       ||    44
         Call Canine Famil |     6 |    12 |    19 |     9 ||    46
         Summon Blazeheart |       |     2 |    32 |    66 ||   100
         Summon Lightning  |       |       |     3 |    30 ||    33
         Animate Dead      |       |       |       |     1 ||     1
 Invoke: Unearth Wretches  |       |       |       |     1 ||     1
    Use: Scroll            |       |       |       |    22 ||    22
         Potion            |       |       |       |     9 ||     9
   Stab: Distracted        |       |     3 |     1 |       ||     4
         Paralysed         |       |       |       |     1 ||     1
 Armour: Skin              |     8 |    17 |    48 |    57 ||   130
  Dodge: Dodged            |    31 |    44 |   130 |    82 ||   287

Table legend: (Time is in decaauts)
 A = Elapsed time spent in this place.
 B = Non-inter-level travel time spent in this place.
 C = Inter-level travel time spent in this place.
 D = Time resting spent in this place.
 E = Time spent auto-exploring this place.
 F = Levels seen in this place.
 G = Mean time per level.
                   A        B        C        D        E       F      G
               +--------+--------+--------+--------+--------+-----+--------+
         Total |  11079 |  10534 |    545 |   2198 |   5687 |  15 |  738.6 |
       Dungeon |   9804 |   9292 |    512 |   1648 |   5647 |  11 |  891.3 |
        Temple |     34 |      1 |     33 |      0 |      0 |   1 |   34.0 |
          Lair |    307 |    307 |      0 |     99 |      0 |   1 |  307.0 |
       Ossuary |    756 |    756 |      0 |    329 |     40 |   1 |  756.0 |
      Ice Cave |    175 |    175 |      0 |    122 |      0 |   1 |  175.0 |
               +--------+--------+--------+--------+--------+-----+--------+

Top non-repeatable levels by time:
     D:9: 1237 daAuts
     D:8: 1177 daAuts
     D:3: 1155 daAuts
    D:10: 1069 daAuts
     D:5: 1055 daAuts
     D:6: 968 daAuts
     D:7: 932 daAuts
     D:2: 821 daAuts
 Ossuary: 756 daAuts
     D:1: 676 daAuts
     D:4: 403 daAuts
  Lair:1: 307 daAuts
    D:11: 307 daAuts
   IceCv: 175 daAuts
  Temple: 34 daAuts
